 Dungeon Crawl Stone Soup version 0.28-a0-1152-g9c71ebef14 (webtiles) character file.

Game seed: 18130580815185873507

2 ducksouse the Vexing (level 1, -3/11 HPs)
             Began as a Deep Elf Arcane Marksman on Dec 14, 2021.
             Slain by a quokka (4 damage)
             ... on level 1 of the Dungeon.
             The game lasted 00:00:46 (220 turns).

ducksouse the Vexing (Deep Elf Arcane Marksman)      Turns: 220, Time: 00:00:47

Health: -3/11      AC:  2    Str:  7    XL:     1   Next: 25%
Magic:  5/5        EV: 12    Int: 17    God:
Gold:   0          SH:  0    Dex: 15    Spells: 2/3 levels left

rFire   . . .      SeeInvis .   a - +0 shortbow
rCold   . . .      Faith    .   (shield currently unavailable)
rNeg    . . .      Spirit   .   d - +0 robe
rPois   .          Reflect  .   (no helmet)
rElec   .          Harm     .   (no cloak)
rCorr   .          Rampage  .   (no gloves)
Will    .....                   (no boots)
Stlth   +.........              (no amulet)
HPRegen 0.03/turn               (no ring)
MPRegen 0.09/turn               (no ring)

@: no status effects
A: no striking features
a: no special abilities


You were on level 1 of the Dungeon.
You visited 1 branch of the dungeon, and saw 1 of its levels.

Inventory:

Hand Weapons
 a - a +0 shortbow (weapon)
Missiles
 c - 17 arrows (quivered ammo)
Armour
 d - a +0 robe (worn)
Scrolls
 b - a scroll of immolation {unknown}


   Skills:
 + Level 0.7 Fighting
 + Level 3.0 Bows
 + Level 2.4 Dodging
 + Level 1.5 Spellcasting
 + Level 4.0 Hexes


You had 2 spell levels left.
You knew the following spells:

 Your Spells              Type           Power      Damage    Failure   Level
a - Slow                  Hex            56%        N/A       4%          1

Your spell library contained the following spells:

 Spells                   Type           Power      Damage    Failure   Level
 Inner Flame              Hex/Fire       8%         N/A       26%         3
 Portal Projectile        Hex/Tloc       16%        N/A       26%         3
 Cause Fear               Hex            7%         N/A       36%         4


Dungeon Overview and Level Annotations

Branches:
Dungeon (1/15)

Altars:


Message History

You shoot an arrow.
The arrow hits the quokka but does no damage.
The quokka is severely wounded.
The quokka barely misses you.
Fire: 14 arrows
Press: ? - help, Q - select action, (/) - cycle Shift-Dir - straight line, f/p - quokka
Aim: a quokka (severely wounded, 48% to hit)
You shoot an arrow. The arrow hits the quokka.
You kill the quokka!
Your Bows skill increases to level 3!
c - 16 arrows (gained 3)
You see here a quokka corpse.
c - 17 arrows (gained 1)
c - 18 arrows (gained 1)
You see here a frilled lizard corpse.
c - 19 arrows (gained 1)
You start resting.
HP restored.
Found 28 arrows.
Found 3 scrolls labelled HAUFARPHOES.
A quokka comes into view.
Fire: 19 arrows
Press: ? - help, Q - select action, (/) - cycle Shift-Dir - straight line, f - quokka
Aim: a quokka (48% to hit)
You shoot an arrow. The arrow hits the quokka.
The quokka is lightly wounded.
The quokka bites you. x2
The quokka barely misses you. The quokka bites you.
Fire: 18 arrows
Press: ? - help, Q - select action, (/) - cycle Shift-Dir - straight line, f/p - quokka
Aim: a quokka (48% to hit)
You shoot an arrow. The arrow hits the quokka.
The quokka is lightly wounded.
The quokka bites you.
* * * LOW HITPOINT WARNING * * *
The quokka closely misses you.
You see here a frilled lizard corpse.
The quokka bites you.
You die...

# ..(# # #.##.# #.##..##.#
#.##.#########
#....(...###.............#
####..#####.#.##.....#...#
##..####.##.##.######...
##.......###..8.....8..
##.....###.##..#.....#..
##.......###.#..#..<..#
#.........###r@.#.....#
+..........†....8.....8....
#..........###.######.##.##
##.......#.# #..# .# #
##.....##.# #.... ..
##...###.# #.#.## #. ##+##
#.# #...# ## #.. ....# ###
### #


You could see a quokka.

Vanquished Creatures
  A quokka (D:1)
  A frilled lizard (D:1)
2 creatures vanquished.

Notes
Turn   | Place    | Note
-------+----------+-------------------------------------------
     0 | D:1      | ducksouse the Deep Elf Arcane Marksman began the quest for
                  | the Orb.
     0 | D:1      | Reached XP level 1. HP: 11/11 MP: 5/5
   220 | D:1      | Slain by a quokka

Illustrated notes

Levels and vault maps discovered:
D:1:      scummos_arrival_simple_crosswalls, layout_loops_corners,
          corexii_hall_statues_u

Skill      XL: |  1 |
---------------+----+-----
Bows           | 3 |  3.0
Fighting       | |  0.7
Dodging        | |  2.4
Spellcasting   | |  1.5
Hexes          | |  4.0

Action                   || total
-------------------------++-------
 Fire: Shortbow          ||     9
Dodge: Dodged            ||     4

Table legend: (Time is in decaauts)
 A = Elapsed time spent in this place.
 B = Non-inter-level travel time spent in this place.
 C = Inter-level travel time spent in this place.
 D = Time resting spent in this place.
 E = Time spent auto-exploring this place.
 F = Levels seen in this place.
 G = Mean time per level.
                   A        B        C        D        E       F      G
               +--------+--------+--------+--------+--------+-----+--------+
         Total |    221 |    221 |      0 |    146 |     11 |   1 |  221.0 |
       Dungeon |    221 |    221 |      0 |    146 |     11 |   1 |  221.0 |
               +--------+--------+--------+--------+--------+-----+--------+

Top non-repeatable levels by time:
     D:1: 221 daAuts
